General information
- name: BNet
- type: Ladder team game (AT/RT)
- host: Battle.net
- saver: dogsandhorse.ru
map: RiceFields
- players: 6
- length: 55:54
- speed: Fast
- version: 1.26 W3XP
- replay type:

» download(368 KB)
Players
team 1 (loser)
Dissiz[NOVA] (
pink | 40 APM | 2138 actions | 53:25)
3 Paladin
2 Divine Shield
1 Devotion Aura
» actions
| Assign group hotkey | 48 | |
| Build / train | 94 | |
| ESC pressed | 2 | |
| Enter build submenu | 26 | |
| Enter hero's abilities submenu | 3 | |
| Remove unit from queue | 5 | |
| Right click | 1207 | |
| Select / deselect | 443 | |
| Select group hotkey | 248 | |
| Use ability | 62 | |
2138 total
» units
| Peasant | 11 | |
| Footman | 14 | |
| Dragonhawk Rider | 28 | |
| Mortar Team | 23 | |
76 total
» upgrades
| Swords | 2 | |
| Plating | 1 | |
| Cloud | 1 | |
| Fragmentation Shards | 1 | |
| Flare | 1 | |
6 total
» buildings
| Farm | 13 | |
| Altar of Kings | 1 | |
| Barracks | 2 | |
| Lumber Mill | 1 | |
| Keep | 1 | |
| Blacksmith | 1 | |
| Gryphon Aviary | 2 | |
| Castle | 1 | |
| Arcane Vault | 1 | |
| Town Hall | 1 | |
| Workshop | 1 | |
25 total
» build order
00:07 Farm
00:10 Altar of Kings
00:50 Barracks
02:09 Barracks
02:14 Farm
04:09 Farm
04:10 Farm
05:59 Lumber Mill
06:01 Keep
06:08 Blacksmith
07:33 Farm
08:36 Farm
08:37 Farm
09:47 Gryphon Aviary
10:57 Castle
11:09 Arcane Vault
12:12 Gryphon Aviary
13:36 Castle
15:28 Farm
16:30 Farm
17:34 Farm
17:36 Farm
17:36 Farm
20:07 Farm
27:31 Town Hall
30:55 Workshop
» items
Ptidced[NOVA] (
red | 44 APM | 2282 actions | 52:10)
4 Keeper of the Grove
2 Entangling Roots
2 Thorns Aura
2 Priestess of the Moon
1 Trueshot Aura
1 Searing Arrows
» actions
| Assign group hotkey | 52 | |
| Build / train | 96 | |
| Enter build submenu | 24 | |
| Enter hero's abilities submenu | 6 | |
| Remove unit from queue | 6 | |
| Right click | 988 | |
| Select / deselect | 453 | |
| Select group hotkey | 538 | |
| Use ability | 119 | |
2282 total
» units
| Wisp | 27 | |
| Archer | 4 | |
| Huntress | 8 | |
| Glaive Thrower | 7 | |
| Chimaera | 7 | |
| Dryad | 12 | |
65 total
» upgrades
| Ultravision | 1 | |
| Sentinel | 1 | |
| Upgrade Moon Glaive | 1 | |
| Well Spring | 1 | |
| Strength of the Wild | 3 | |
| Reinforced Hides | 4 | |
| Corrosive Breath | 1 | |
| Nature's Blessing | 1 | |
| Abolish Magic | 1 | |
14 total
» buildings
| Altar of Elders | 1 | |
| Moon Well | 8 | |
| Ancient of War | 2 | |
| Hunter's Hall | 1 | |
| Tree of Ages | 1 | |
| Tree of Eternity | 1 | |
| Ancient of Wind | 1 | |
| Chimaera Roost | 2 | |
| Tree of Life | 1 | |
| Ancient Protector | 8 | |
| Ancient of Lore | 2 | |
28 total
» build order
00:08 Altar of Elders
00:10 Moon Well
00:50 Ancient of War
01:30 Moon Well
01:59 Ancient of War
02:12 Moon Well
03:02 Hunter's Hall
04:10 Moon Well
10:49 Tree of Ages
11:52 Moon Well
11:53 Moon Well
13:18 Tree of Eternity
13:24 Ancient of Wind
16:13 Chimaera Roost
16:16 Chimaera Roost
17:08 Tree of Life
17:15 Ancient Protector
17:15 Ancient Protector
21:25 Moon Well
25:26 Ancient Protector
25:46 Ancient Protector
25:56 Ancient Protector
26:13 Ancient Protector
26:20 Ancient Protector
26:44 Ancient Protector
28:49 Moon Well
30:12 Ancient of Lore
30:59 Ancient of Lore
» items
Xathes[NOVA] (
purple | 27 APM | 1519 actions | 55:52)
4 Dreadlord
2 Vampiric Aura
2 Sleep
» actions
| Assign group hotkey | 34 | |
| Build / train | 59 | |
| Enter build submenu | 21 | |
| Enter hero's abilities submenu | 5 | |
| Remove unit from queue | 1 | |
| Right click | 861 | |
| Select / deselect | 448 | |
| Select group hotkey | 34 | |
| Use ability | 56 | |
1519 total
» units
| Acolyte | 4 | |
| Ghoul | 11 | |
| Frost Wyrm | 17 | |
32 total
» upgrades
| Creature Attack | 3 | |
| Creature Carapace | 3 | |
| Freezing Breath | 1 | |
7 total
» buildings
| Altar of Darkness | 1 | |
| Crypt | 2 | |
| Ziggurat | 9 | |
| Tomb of Relics | 1 | |
| Halls of the Dead | 1 | |
| Black Citadel | 5 | |
| Sacrificial Pit | 1 | |
| Boneyard | 2 | |
| Graveyard | 1 | |
23 total
» build order
00:08 Altar of Darkness
00:13 Crypt
00:38 Ziggurat
00:50 Tomb of Relics
01:40 Ziggurat
02:08 Ziggurat
02:58 Crypt
04:16 Ziggurat
05:38 Halls of the Dead
07:59 Black Citadel
07:59 Black Citadel
07:59 Black Citadel
08:07 Sacrificial Pit
10:22 Boneyard
11:32 Boneyard
12:01 Graveyard
12:05 Ziggurat
12:07 Ziggurat
12:10 Ziggurat
13:39 Ziggurat
16:13 Ziggurat
» items
| Dust of Appearance | 1 | |
| Rod of Necromancy | 1 | |
2 total
team 2 (winner)
baby_in_pram (
teal | 134 APM | 7471 actions | 55:53)
8 Blademaster
3 Wind Walk
3 Critical Strike
1 Bladestorm
1 Mirror Image
» actions
| Assign group hotkey | 192 | |
| Basic commands | 99 | |
| Build / train | 76 | |
| ESC pressed | 3 | |
| Enter build submenu | 76 | |
| Enter hero's abilities submenu | 8 | |
| Give item / drop item | 6 | |
| Right click | 4603 | |
| Select / deselect | 621 | |
| Select group hotkey | 1146 | |
| Use ability | 638 | |
7471 total
» units
» upgrades
| Liquid Fire | 1 | |
| Reinforced Defenses | 1 | |
| Ranged Weapons | 1 | |
3 total
» buildings
| Altar of Storms | 1 | |
| Orc Burrow | 4 | |
| War Mill | 1 | |
| Watch Tower | 48 | |
| Voodoo Lounge | 5 | |
| Stronghold | 3 | |
| Beastiary | 5 | |
| Fortress | 2 | |
69 total
» build order
00:02 Altar of Storms
00:03 Orc Burrow
00:26 War Mill
01:24 Orc Burrow
01:51 Watch Tower
02:21 Watch Tower
03:11 Voodoo Lounge
03:22 Voodoo Lounge
03:47 Watch Tower
03:50 Stronghold
03:51 Stronghold
03:57 Watch Tower
03:58 Watch Tower
04:26 Voodoo Lounge
05:06 Watch Tower
05:12 Watch Tower
05:28 Orc Burrow
06:06 Watch Tower
06:06 Watch Tower
06:13 Watch Tower
06:56 Watch Tower
06:59 Beastiary
07:00 Beastiary
07:03 Orc Burrow
07:08 Beastiary
07:37 Fortress
07:54 Watch Tower
07:55 Watch Tower
08:49 Watch Tower
08:50 Watch Tower
08:51 Watch Tower
09:18 Watch Tower
09:19 Watch Tower
09:40 Watch Tower
09:40 Watch Tower
10:15 Watch Tower
10:15 Watch Tower
11:03 Watch Tower
11:24 Watch Tower
12:10 Watch Tower
12:28 Watch Tower
12:31 Watch Tower
12:56 Watch Tower
12:58 Watch Tower
13:30 Watch Tower
13:55 Watch Tower
13:56 Watch Tower
15:41 Watch Tower
15:42 Watch Tower
15:46 Watch Tower
16:12 Watch Tower
18:07 Watch Tower
18:08 Watch Tower
18:08 Watch Tower
18:09 Watch Tower
20:53 Beastiary
20:54 Beastiary
22:51 Watch Tower
22:54 Watch Tower
31:43 Watch Tower
31:44 Watch Tower
31:45 Watch Tower
31:46 Watch Tower
31:50 Watch Tower
31:51 Watch Tower
36:37 Voodoo Lounge
36:41 Voodoo Lounge
» items
| Healing Salve | 3 | |
| Lesser Clarity Potion | 7 | |
| Scroll of Speed | 1 | |
| Orb of Lightning | 1 | |
| Scroll of Town Portal | 2 | |
| Claws of Attack +15 | 2 | |
16 total
dogsandhorse.ru (
orange | 93 APM | 5215 actions | 55:54)
6 Demon Hunter
3 Mana Burn
2 Evasion
1 Metamorphosis
5 Pandaren Brewmaster
3 Breath of Fire
2 Drunken Haze
» actions
| Assign group hotkey | 9 | |
| Basic commands | 5 | |
| Build / train | 54 | |
| Enter build submenu | 23 | |
| Enter hero's abilities submenu | 12 | |
| Give item / drop item | 3 | |
| Right click | 3836 | |
| Select / deselect | 521 | |
| Select group hotkey | 493 | |
| Use ability | 259 | |
5215 total
» units
» upgrades
| Nature's Blessing | 1 | |
| Well Spring | 1 | |
| Ultravision | 1 | |
3 total
» buildings
| Altar of Elders | 1 | |
| Moon Well | 19 | |
| Tree of Ages | 1 | |
| Tree of Eternity | 1 | |
| Hunter's Hall | 1 | |
| Ancient of Wonders | 1 | |
| Tree of Life | 2 | |
26 total
» build order
00:14 Altar of Elders
00:19 Moon Well
01:33 Moon Well
06:51 Tree of Ages
09:14 Tree of Eternity
10:52 Moon Well
14:15 Hunter's Hall
18:32 Ancient of Wonders
22:48 Moon Well
22:49 Moon Well
22:50 Moon Well
22:51 Moon Well
22:51 Moon Well
22:52 Moon Well
24:41 Tree of Life
25:28 Tree of Life
45:08 Moon Well
45:10 Moon Well
45:13 Moon Well
45:14 Moon Well
46:21 Moon Well
46:23 Moon Well
46:24 Moon Well
51:51 Moon Well
51:53 Moon Well
51:57 Moon Well
» items
| Healing Salve | 3 | |
| Lesser Clarity Potion | 2 | |
| Potion of Healing | 2 | |
| Kelen's Dagger of Escape | 1 | |
| Orb of Lightning | 1 | |
| Staff of Sanctuary | 2 | |
| Ring of Protection +5 | 2 | |
13 total
nutsonyochin.de (
blue | 112 APM | 6260 actions | 55:53)
6 Archmage
3 Blizzard
2 Brilliance Aura
1 Mass Teleport
5 Mountain King
3 Storm Bolt
2 Bash
5 Paladin
3 Holy Light
2 Divine Shield
» actions
| Assign group hotkey | 15 | |
| Basic commands | 75 | |
| Build / train | 189 | |
| ESC pressed | 2 | |
| Enter build submenu | 119 | |
| Enter hero's abilities submenu | 16 | |
| Give item / drop item | 10 | |
| Right click | 2881 | |
| Select / deselect | 517 | |
| Select group hotkey | 1961 | |
| Use ability | 475 | |
6260 total
» units
| Peasant | 15 | |
| Dragonhawk Rider | 6 | |
| Sorceress | 1 | |
22 total
» upgrades
| Masonry | 3 | |
| Magic Sentry | 1 | |
| Armor | 3 | |
| Animal War Training | 1 | |
| Cloud | 1 | |
| Swords | 3 | |
| Sorceress Training | 2 | |
| Priest Training | 2 | |
16 total
» buildings
| Altar of Kings | 1 | |
| Farm | 5 | |
| Lumber Mill | 1 | |
| Scout Tower | 216 | |
| Arcane Tower | 9 | |
| Guard Tower | 97 | |
| Arcane Vault | 3 | |
| Keep | 1 | |
| Castle | 1 | |
| Arcane Sanctum | 1 | |
| Town Hall | 1 | |
| Barracks | 1 | |
| Blacksmith | 1 | |
| Gryphon Aviary | 1 | |
339 total
» build order
00:06 Altar of Kings
00:13 Farm
00:27 Lumber Mill
00:49 Scout Tower
00:53 Scout Tower
01:11 Farm
01:19 Arcane Tower
01:21 Scout Tower
01:23 Arcane Tower
01:50 Guard Tower
01:54 Scout Tower
01:59 Scout Tower
02:40 Guard Tower
02:41 Scout Tower
02:46 Scout Tower
02:55 Arcane Vault
03:02 Scout Tower
03:17 Guard Tower
03:29 Guard Tower
03:30 Scout Tower
04:00 Guard Tower
04:01 Scout Tower
04:02 Scout Tower
04:02 Scout Tower
04:05 Guard Tower
04:06 Scout Tower
04:07 Scout Tower
04:14 Scout Tower
04:15 Scout Tower
04:15 Scout Tower
04:16 Scout Tower
04:39 Guard Tower
04:41 Keep
04:42 Guard Tower
04:48 Scout Tower
04:49 Scout Tower
04:51 Scout Tower
04:53 Scout Tower
04:54 Scout Tower
05:02 Guard Tower
05:05 Farm
05:06 Farm
05:08 Farm
05:14 Guard Tower
05:20 Scout Tower
05:20 Scout Tower
05:23 Guard Tower
05:26 Guard Tower
05:27 Guard Tower
05:29 Scout Tower
05:30 Scout Tower
06:10 Guard Tower
06:11 Scout Tower
06:14 Scout Tower
06:14 Scout Tower
06:19 Guard Tower
06:46 Guard Tower
06:49 Guard Tower
06:53 Scout Tower
07:08 Scout Tower
07:09 Scout Tower
07:09 Scout Tower
07:27 Guard Tower
07:53 Guard Tower
07:55 Scout Tower
07:55 Scout Tower
08:01 Castle
08:02 Guard Tower
08:04 Arcane Sanctum
08:08 Guard Tower
08:29 Arcane Vault
08:35 Guard Tower
08:36 Scout Tower
08:38 Scout Tower
08:38 Scout Tower
08:39 Scout Tower
08:41 Scout Tower
09:12 Guard Tower
09:16 Scout Tower
09:17 Scout Tower
09:18 Scout Tower
09:19 Scout Tower
09:24 Guard Tower
09:27 Guard Tower
09:41 Guard Tower
10:50 Guard Tower
10:52 Scout Tower
10:53 Scout Tower
10:53 Scout Tower
10:54 Scout Tower
10:54 Scout Tower
10:55 Scout Tower
10:55 Scout Tower
10:56 Scout Tower
11:02 Scout Tower
11:03 Scout Tower
11:03 Scout Tower
11:04 Scout Tower
11:04 Scout Tower
11:08 Scout Tower
11:09 Scout Tower
11:10 Scout Tower
11:16 Guard Tower
11:18 Scout Tower
11:19 Scout Tower
11:21 Scout Tower
11:22 Scout Tower
12:10 Guard Tower
12:12 Arcane Tower
12:17 Scout Tower
12:19 Scout Tower
12:19 Scout Tower
12:56 Town Hall
13:00 Scout Tower
13:00 Scout Tower
13:01 Scout Tower
13:02 Scout Tower
13:06 Scout Tower
13:06 Scout Tower
13:07 Scout Tower
13:07 Scout Tower
13:14 Guard Tower
13:23 Arcane Tower
13:28 Guard Tower
13:33 Scout Tower
13:34 Scout Tower
13:34 Scout Tower
13:35 Scout Tower
13:36 Scout Tower
13:37 Scout Tower
13:38 Guard Tower
14:08 Guard Tower
14:10 Scout Tower
14:13 Scout Tower
14:15 Scout Tower
14:15 Scout Tower
14:17 Scout Tower
14:28 Arcane Tower
14:31 Arcane Tower
15:03 Guard Tower
15:17 Guard Tower
15:20 Scout Tower
15:21 Scout Tower
15:22 Scout Tower
15:23 Scout Tower
15:23 Scout Tower
15:29 Scout Tower
15:30 Scout Tower
15:31 Scout Tower
15:34 Guard Tower
15:45 Scout Tower
15:46 Scout Tower
15:46 Scout Tower
15:47 Scout Tower
15:47 Scout Tower
15:48 Scout Tower
15:49 Scout Tower
16:51 Guard Tower
16:53 Scout Tower
16:54 Scout Tower
16:56 Scout Tower
17:06 Arcane Tower
17:08 Guard Tower
17:10 Scout Tower
17:15 Barracks
17:17 Blacksmith
17:19 Gryphon Aviary
17:24 Guard Tower
17:50 Guard Tower
17:53 Scout Tower
17:54 Scout Tower
17:55 Scout Tower
17:55 Scout Tower
17:56 Scout Tower
17:56 Scout Tower
18:15 Guard Tower
18:17 Scout Tower
18:21 Scout Tower
18:23 Scout Tower
19:56 Guard Tower
19:59 Scout Tower
20:00 Scout Tower
20:01 Scout Tower
20:08 Guard Tower
20:10 Scout Tower
20:15 Arcane Vault
20:17 Scout Tower
20:17 Scout Tower
20:46 Arcane Tower
21:20 Guard Tower
21:23 Guard Tower
21:25 Scout Tower
21:26 Scout Tower
21:26 Scout Tower
22:12 Guard Tower
22:15 Scout Tower
22:15 Scout Tower
22:16 Scout Tower
22:20 Scout Tower
22:20 Scout Tower
22:21 Scout Tower
22:22 Scout Tower
22:22 Scout Tower
22:23 Scout Tower
22:28 Scout Tower
22:30 Scout Tower
22:32 Scout Tower
22:46 Guard Tower
22:49 Scout Tower
22:50 Scout Tower
22:50 Scout Tower
22:51 Scout Tower
22:57 Guard Tower
23:16 Guard Tower
23:42 Scout Tower
23:43 Scout Tower
23:44 Scout Tower
23:51 Guard Tower
23:52 Guard Tower
24:31 Guard Tower
24:42 Guard Tower
24:45 Scout Tower
24:46 Scout Tower
24:47 Scout Tower
24:48 Scout Tower
24:56 Scout Tower
24:57 Scout Tower
24:58 Scout Tower
24:58 Scout Tower
25:00 Guard Tower
25:18 Guard Tower
25:45 Guard Tower
25:50 Guard Tower
26:01 Scout Tower
26:13 Scout Tower
26:13 Scout Tower
26:14 Scout Tower
26:24 Guard Tower
26:32 Guard Tower
26:36 Scout Tower
26:36 Scout Tower
26:37 Scout Tower
26:37 Scout Tower
26:39 Scout Tower
26:40 Scout Tower
26:40 Scout Tower
26:40 Scout Tower
27:00 Guard Tower
27:02 Scout Tower
27:02 Scout Tower
27:03 Scout Tower
27:03 Scout Tower
27:04 Scout Tower
27:50 Guard Tower
27:52 Scout Tower
27:52 Scout Tower
27:53 Scout Tower
27:55 Scout Tower
27:56 Scout Tower
27:56 Scout Tower
27:57 Scout Tower
28:09 Guard Tower
28:29 Guard Tower
28:37 Scout Tower
28:38 Scout Tower
28:44 Guard Tower
28:52 Guard Tower
28:55 Scout Tower
28:56 Scout Tower
28:56 Scout Tower
28:57 Scout Tower
28:58 Scout Tower
28:58 Scout Tower
29:37 Guard Tower
29:38 Scout Tower
29:39 Scout Tower
29:43 Scout Tower
29:43 Scout Tower
29:48 Guard Tower
29:56 Guard Tower
31:04 Guard Tower
31:24 Guard Tower
31:37 Guard Tower
32:16 Guard Tower
32:23 Guard Tower
32:27 Scout Tower
32:28 Scout Tower
32:29 Scout Tower
32:32 Scout Tower
32:32 Scout Tower
32:33 Scout Tower
32:34 Scout Tower
32:56 Scout Tower
33:26 Guard Tower
33:46 Guard Tower
34:08 Guard Tower
34:20 Guard Tower
34:36 Guard Tower
35:03 Guard Tower
35:37 Guard Tower
36:10 Guard Tower
36:11 Scout Tower
36:12 Scout Tower
36:12 Scout Tower
36:15 Scout Tower
36:15 Scout Tower
36:17 Scout Tower
36:19 Scout Tower
36:19 Scout Tower
36:20 Scout Tower
36:21 Scout Tower
36:23 Guard Tower
38:04 Guard Tower
38:06 Guard Tower
38:06 Guard Tower
38:13 Scout Tower
38:14 Scout Tower
38:15 Scout Tower
38:15 Scout Tower
38:15 Scout Tower
38:16 Scout Tower
38:27 Scout Tower
38:28 Scout Tower
38:29 Scout Tower
38:33 Scout Tower
38:33 Scout Tower
39:08 Guard Tower
39:31 Guard Tower
40:00 Guard Tower
40:01 Guard Tower
40:27 Guard Tower
41:10 Guard Tower
41:12 Guard Tower
41:12 Guard Tower
41:12 Guard Tower
42:15 Guard Tower
43:30 Guard Tower
» items
| Healing Salve | 1 | |
| Lesser Clarity Potion | 1 | |
| Staff of Sanctuary | 6 | |
| Orb of Lightning | 3 | |
| Kelen's Dagger of Escape | 3 | |
| Orb of Frost | 1 | |
| Claws of Attack +15 | 2 | |
| Scroll of Town Portal | 1 | |
| Gauntlets of Ogre Strength +3 | 1 | |
19 total
Chat log
(02:45 / All) dogsandhorse.ru: this ur second game??
(04:57 / All) dogsandhorse.ru: from?
(04:59 / All) dogsandhorse.ru: country you are from?
(05:02 / All) Xathes[NOVA]: unpause
(11:11 / All) Ptidced[NOVA]: noob mass tower
(11:17 / All) dogsandhorse.ru: noob die to tower
(11:24 / All) Xathes[NOVA]: lol
(29:30 / All) dogsandhorse.ru: : - )
(31:24 / All) dogsandhorse.ru: hey all
(31:26 / All) dogsandhorse.ru: where are u from?
(31:31 / All) Xathes[NOVA]: lol
(31:32 / All) baby_in_pram: me rus CYKA
(31:35 / All) Xathes[NOVA]: france u ?
(31:42 / All) dogsandhorse.ru: u francy me? aw
(31:52 / All) Xathes[NOVA]: ...
(32:03 / All) Xathes[NOVA]: me from france
(32:09 / All) baby_in_pram: vive le france
(35:36 / All) dogsandhorse.ru: ready 2 fight?
(35:38 / All) dogsandhorse.ru: u will lose
(35:42 / All) dogsandhorse.ru: just relaxe
(36:11 / All) Xathes[NOVA]: lol
(36:38 / All) dogsandhorse.ru: what will you do when all bone men die?
(36:54 / All) Xathes[NOVA]: i suck elephant then i get eggs
(37:06 / All) Dissiz[NOVA]: can you just play we don't care about you'r bullshit !
(37:12 / All) dogsandhorse.ru: im playing
(37:16 / All) dogsandhorse.ru: i'm playing u. you're the game
(37:18 / All) Xathes[NOVA]: don"t listen
(37:30 / All) Dissiz[NOVA]: play faster or i sodomise ptidced !
(39:04 / All) Xathes[NOVA]: nice bm lol
(39:08 / All) baby_in_pram: ty
(39:13 / All) dogsandhorse.ru: u play dota?
(42:15 / All) dogsandhorse.ru: stop dying to tower
(46:50 / All) Ptidced[NOVA]: noobest tactital i seen
(46:54 / All) dogsandhorse.ru: and you're losing
(47:00 / All) baby_in_pram: hmm. why are we winning then ?
(47:01 / All) Ptidced[NOVA]: russian game not interresing
(47:11 / All) Xathes[NOVA]: noob doesn't mean loosing lol
(47:17 / All) baby_in_pram: ... what does it mean then
(47:28 / All) Xathes[NOVA]: playing like a bitch
(47:36 / All) Xathes[NOVA]: so u are lol
(47:38 / All) baby_in_pram: noob means "new" or bad at the game. you are very bad at this game
(47:42 / All) Xathes[NOVA]: no no no
(47:46 / All) Xathes[NOVA]: ahh kids
(47:51 / All) dogsandhorse.ru: meow meow meow
(47:53 / All) Xathes[NOVA]: newbie mean thaht
(47:54 / All) baby_in_pram: your play has been extremely poor.
(47:59 / All) baby_in_pram: newbie = noob
(48:03 / All) Xathes[NOVA]: oh no man
(48:08 / All) Xathes[NOVA]: it doesn't
(48:28 / All) dogsandhorse.ru: Hi! You lost
(48:33 / All) Xathes[NOVA]: lol
(48:39 / All) Xathes[NOVA]: hi u play like bitches
(48:45 / All) baby_in_pram: u lose like bitches
(48:58 / All) dogsandhorse.ru: http://highper.ch/
(49:08 / All) Xathes[NOVA]: ?
(49:15 / All) baby_in_pram: our web's site
(49:15 / All) dogsandhorse.ru: our website
(49:26 / All) Xathes[NOVA]: and ?
(49:28 / All) baby_in_pram: you can find a replay of you getting owned there very soon (this replay)
(49:29 / All) dogsandhorse.ru: what's your website?
(49:30 / All) Dissiz[NOVA]: fuck yu'r web site we don't care !!
(50:02 / All) Ptidced[NOVA]: and ? you are serious ? all newbies can do that, this destroy the game
(50:06 / All) baby_in_pram: hahaha no
(50:09 / All) dogsandhorse.ru: consider your game destroyed
(50:10 / All) baby_in_pram: we are very skilled
(50:11 / All) Ptidced[NOVA]: LOl
(50:18 / All) Dissiz[NOVA]: you make the game bored T_T
(50:22 / All) dogsandhorse.ru: for u maybe!
(50:30 / All) Ptidced[NOVA]: Mass towers = very skilled ? I laught
(50:32 / All) baby_in_pram: did you guys run out of money
(50:33 / All) dogsandhorse.ru: welcome to northrend
(50:58 / All) Dissiz[NOVA]: rus are bette for PAY DAY 2
(51:17 / All) Dissiz[NOVA]: and now you sucks xP
(51:19 / All) Xathes[NOVA]: russian are better on everygames, like coreans
(51:34 / All) baby_in_pram: no kroatia
(51:37 / All) dogsandhorse.ru: this is why you lost i guess. da svidanya
(51:38 / All) Xathes[NOVA]: lol
(51:49 / All) Ptidced[NOVA]: so bye, see you to the next world in real life, ill show you real skill
(51:49 / All) Xathes[NOVA]: oO
(51:50 / All) baby_in_pram: seriously though it's very easy to beat towers
(51:53 / All) baby_in_pram: did you know that they cannot move ??
(51:58 / All) Ptidced[NOVA]: world war*
(52:04 / All) Ptidced[NOVA]: fucking rus
(52:08 / All) Xathes[NOVA]: lol
(52:11 / All) baby_in_pram: didnt france get captured very easily in ww2
(52:13 / All) dogsandhorse.ru: syria belong to RUS
(52:13 / All) nutsonyochin.de: fuck u
(52:16 / All) Xathes[NOVA]: .....
(52:19 / All) Xathes[NOVA]: lol
(52:33 / All) Xathes[NOVA]: don't speak about france plz
(52:40 / All) Dissiz[NOVA]: bye noob mass towers =P
(52:42 / All) baby_in_pram: is it a sore subject
(52:43 / All) dogsandhorse.ru: surrender 2 syria again france
(52:45 / All) dogsandhorse.ru: like u did last tim
(52:51 / All) Xathes[NOVA]: ><
(52:51 / All) baby_in_pram: Well. you were defeated in this game; as you were in life
(53:05 / All) baby_in_pram: we lose 0 unit, 0 gold to upkeep, you must be embarrass
(54:05 / All) Xathes[NOVA]: well play men
(54:10 / All) baby_in_pram: thank you.
(54:10 / All) Xathes[NOVA]: my teammate raged
(54:14 / All) Xathes[NOVA]: lol
(54:18 / All) baby_in_pram: finally we get the praise we deserve
(54:19 / All) nutsonyochin.de: lol!
(54:20 / All) nutsonyochin.de: from!
(54:26 / All) Xathes[NOVA]: no
(54:42 / All) Xathes[NOVA]: but we've lost 4 games before this
(54:54 / All) Xathes[NOVA]: 3 vs 3 is not our speciality
(55:08 / All) baby_in_pram: AAH NO
(55:09 / All) baby_in_pram: dontr kill me
(55:10 / All) baby_in_pram: pls
(55:10 / All) nutsonyochin.de: fuck u
(55:12 / All) baby_in_pram: i beg u for my life
(55:15 / All) baby_in_pram: ?
(55:15 / All) dogsandhorse.ru: poog
(55:16 / All) baby_in_pram: ?
(55:17 / All) baby_in_pram: ?
(55:20 / All) Xathes[NOVA]: miss click
(55:26 / All) Xathes[NOVA]: ahah
(55:26 / All) baby_in_pram: where did mein hero go
(55:30 / All) dogsandhorse.ru: miss click russia, 2007
(55:35 / All) dogsandhorse.ru: Best New Web Girl
(55:36 / All) Xathes[NOVA]: oO
(55:42 / All) Xathes[NOVA]: ahah
(55:49 / All) Xathes[NOVA]: so bye bye
(55:52 / All) dogsandhorse.ru: get out